 Dungeon Crawl Stone Soup version 0.25.0-9-g26727b657a (webtiles) character file.

Game seed: 182189469697889175

10 Gobbopathe the Firebug (level 2, 0/19 HPs)
             Began as a Demonspawn Fire Elementalist on June 21, 2020.
             Was a Plaything of Xom.
             Slain by a quasit (1 damage)
             ... summoned by Xom
             ... on level 1 of the Dungeon.
             The game lasted 00:03:16 (820 turns).

Gobbopathe the Firebug (DsFE)                        Turns: 820, Time: 00:03:17

Health: 0/19       AC:  2    Str:  6 (8)  XL:     2   Next: 10%
Magic:  0/5        EV: 11    Int: 15 (16) God:    Xom [*.....]
Gold:   34         SH:  0    Dex:  5 (11) Spells: 4/5 levels left

rFire    + . .     SeeInvis .   g - +0 whip
rCold    x . .     Gourm    .   (no shield)
rNeg     . . .     Faith    .   a - +0 robe
rPois    .         Spirit   .   (no helmet)
rElec    .         Reflect  .   (no cloak)
rCorr    .         Harm     .   (no gloves)
MR       .....     Clarity  +   (no boots)
Stlth    +.........             (no amulet)
HPRegen  0.06/turn              h - ring of fire
MPRegen  0.09/turn              (no ring)

@: no status effects
A: hooves 1, clarity, clumsy 1
a: Renounce Religion


You were on level 1 of the Dungeon.
You worshipped Xom.
You were a special plaything of Xom.
You were not hungry.

You visited 1 branch of the dungeon, and saw 1 of its levels.

You collected 34 gold pieces.

Inventory:

Hand Weapons
 g - a +0 whip (weapon)
Missiles
 b - 17 sling bullets
Armour
 a - a +0 robe (worn)
Jewellery
 h - a ring of fire (left hand)
Scrolls
 d - a scroll of identify
 j - 2 scrolls of amnesia
Comestibles
 c - 2 rations


   Skills:
 - Level 1.9 Dodging
 - Level 1.9 Stealth
 + Level 2.1 Spellcasting
 + Level 1.2 Conjurations
 * Level 2.9 Fire Magic


You had 4 spell levels left.
You knew the following spells:

 Your Spells              Type           Power        Failure   Level  Hunger
a - Foxfire               Conj/Fire      ##..         10%         1    #......

Your spell library contained the following spells:

 Spells                   Type           Power        Failure   Level  Hunger
 Conjure Flame            Conj/Fire      ##......     28%         3    ###....
 Inner Flame              Hex/Fire       #.......     34%         3    ###....
 Sticky Flame             Conj/Fire      ##......     67%         4    #####..
 Fireball                 Conj/Fire      ##........   95%         5    ######.


Dungeon Overview and Level Annotations

Branches:
Dungeon (1/15)

Altars:
Xom


Innate Abilities, Weirdness & Mutations

You have large cloven feet.
You possess an exceptional clarity of mind.
You are clumsy. (Dex -2)


Message History

The quasit claws you.
* * * LOW HITPOINT WARNING * * *
The quasit bites you but does no damage.
The quasit barely misses you.
The quasit claws you but does no damage.
Huge Dmg: -5%(-1hp) hp: 11%(2hp) It was a potion of degeneration.
There was something very wrong with that liquid.
You feel weakened.
You feel dopey.
You feel clumsy.
Xom thinks this is hilarious!
The quasit bites you.
* * * LOW HITPOINT WARNING * * *
The quasit claws you but does no damage. x2
Huge Dmg: -5%(-1hp) hp: 6%(1hp) Unknown command.
You miss the quasit.
The quasit is moderately wounded.
The quasit bites you.
You die... "It's all fun and games until someone loses an eye."

...>....#.###.#.#.#.#.#
###### #...###.#.#
##..#.#..## ....###.#.#
####.#### #.........#
#'# ..#.####### ##.#
###.# #..# #.# #.##
########### #.#
#########.# #.........#
#.# .........5@#
#.#######.#
##.##.######.#### #.#
#####.# ##........K #.
#.# #......
#......###.##...... #.#
#.###.# .....#.###....
... #.# #.# #.#
##............ ...
#.###.###.# ##.^^^..##
### ... #.........#
#..^_^.## #.#
#####.##### #..^.^.#
#.# #......#


You could see a quasit (summoned).

Vanquished Creatures
  A goblin (D:1)
  3 hobgoblins (D:1)
  2 kobolds (D:1)
  2 bats (D:1)
  A frilled lizard (D:1)
  A rat (D:1)
10 creatures vanquished.

Vanquished Creatures (others)
  32 foxfires (D:1)
32 creatures vanquished.

Grand Total: 42 creatures vanquished

Notes
Turn   | Place    | Note
-------+----------+-------------------------------------------
     0 | D:1      | Gobbopathe the Demonspawn Fire Elementalist began the quest
                  | for the Orb.
     0 | D:1      | Reached XP level 1. HP: 13/13 MP: 3/3
   272 | D:1      | Found a shimmering altar of Xom.
   284 | D:1      | Became a worshipper of Xom of Chaos
   559 | D:1      | Gained mutation: You have large cloven feet. [demonic
                  | ancestry]
   559 | D:1      | Reached XP level 2. HP: 19/19 MP: 1/5
   704 | D:1      | XOM: divination: magic mapping
   803 | D:1      | XOM: summons 1 hostile demon
   816 | D:1      | Gained mutation: You are clumsy. (Dex -2) [potion of
                  | mutation]
   816 | D:1      | Gained mutation: You possess an exceptional clarity of
                  | mind. [potion of mutation]
   820 | D:1      | Slain by a quasit

Illustrated notes

Levels and vault maps discovered:
D:1:      nzn_arrival_crosshair, layout_loops_corners, xom_teletrap_fun

Action                   || total
-------------------------++-------
Melee: Unarmed           ||     6
       Whip              ||     7
       Club              ||     1
 Cast: Foxfire           ||    21
  Use: Scroll            ||     2
       Potion            ||     2
Armor: Robe              ||    14
Dodge: Dodged            ||    30
